 Dungeon Crawl Stone Soup version 0.28-a0-514-g0d7ab7f379 (webtiles) character file.

Game seed: 5142054336348477976

1923211 Charly the Slayer (level 27, 201/241 HPs)
             Began as a Demigod Gladiator on Sept 21, 2021.
             Escaped with the Orb
             ... and 4 runes on Sept 22, 2021!
             The game lasted 04:40:54 (106019 turns).

Charly the Slayer (Demigod Gladiator)             Turns: 106019, Time: 04:40:54

Health: 201/241    AC: 53    Str: 55    XL:     27
Magic:  35/35      EV: 18    Int:  8    God:
Gold:   2110       SH:  0    Dex: 17    Spells: 36/36 levels left

rFire   + + .      SeeInvis +   a - +9 triple sword (vorpal)
rCold   + + +      Faith    .   (shield currently unavailable)
rNeg    + + .      Spirit   .   c - +14 crystal plate armour
rPois   +          Reflect  .   W - +0 mask of the Dragon {Will+ Slay+3 SInv}
rElec   .          Harm     .   U - scarf {rC+ rF+}
rCorr   .          Rampage  .   z - +2 pair of gloves
Will    +++..      Clarity  +   j - +0 pair of boots "Echielum" {rC+ rN+}
Stlth   ..........              p - amulet of Kiuten {Acrobat Drain rPois Int-4 Slay+4}
HPRegen 0.50/turn               f - ring of protection from fire
MPRegen 0.24/turn               n - ring "Ipsoosy" {Drain rC+ rN+ AC+4 Str+4}

@: studying 3 skills
A: high mp 1, forlorn, agile 1, clarity, clever 1, frail 1
0: Orb of Zot
}: 4/15 runes: decaying, slimy, silver, gossamer
a: no special abilities


You escaped.
You visited 11 branches of the dungeon, and saw 56 of its levels.
You visited 1 ziggurat, and saw 7 of its levels.
You also visited: Gauntlet and Volcano.

You collected 9447 gold pieces.
You spent 7337 gold pieces at shops.

Inventory:

Hand Weapons
 a - a +9 vorpal triple sword (weapon)
 b - the +3 double sword of the Ten Wonders {freeze, rElec rCorr SInv}
   (You took it off a deep elf blademaster on level 1 of the Elven Halls)

   It freezes those it strikes, dealing additional cold damage.
   It can also slow down cold-blooded creatures.
   rElec:     It insulates you from electricity.
   SInv:      It lets you see invisible.
   rCorr:     It protects you from acid and corrosion.
 T - a +9 triple sword of flaming
Missiles
 J - a throwing net
Armour
 c - a +14 crystal plate armour (worn)
 d - a +0 cloak of preservation
 j - the +0 pair of boots "Echielum" (worn) {rC+ rN+}
   (You found it on level 4 of the Vaults)

   rC:        It protects you from cold.
   rN:        It protects you from negative energy.
 z - a +2 pair of gloves (worn)
 U - a scarf of resistance (worn)
 W - the +0 mask of the Dragon (worn) {Will+ Slay+3 SInv}
   (You found it on level 5 of a ziggurat)

   Slay:      It affects your accuracy & damage with ranged weapons and melee
   (+3).
   SInv:      It lets you see invisible.
   Will:      It increases your willpower.
Jewellery
 e - the ring of the Barnacle {rElec Int+3 SInv}
   (You took it off an ironbound convoker on level 5 of the Vaults)

   [ring of see invisible]

   Int:       It affects your intelligence (+3).
   rElec:     It insulates you from electricity.
   SInv:      It lets you see invisible.
 f - a ring of protection from fire (left hand)
 m - the ring of Yhufiel {Will++ AC+4 Str+4 Int-3 SInv}
   (You acquired it on level 1 of the Vaults)

   [ring of protection]

   AC:        It affects your AC (+4).
   Str:       It affects your strength (+4).
   Int:       It affects your intelligence (-3).
   SInv:      It lets you see invisible.
   Will:      It greatly increases your willpower.
 n - the ring "Ipsoosy" (right hand) {Drain rC+ rN+ AC+4 Str+4}
   (You found it on level 5 of the Pits of Slime)

   [ring of protection]

   AC:        It affects your AC (+4).
   Str:       It affects your strength (+4).
   rC:        It protects you from cold.
   rN:        It protects you from negative energy.
   Drain:     It drains your maximum health when unequipped.
 p - the amulet of Kiuten (around neck) {Acrobat Drain rPois Int-4 Slay+4}
   (You bought it in a shop on level 2 of the Depths)

   [amulet of the acrobat]

   It increases your evasion while moving and waiting.
   Int:       It affects your intelligence (-4).
   Slay:      It affects your accuracy & damage with ranged weapons and melee
   (+4).
   rPois:     It protects you from poison.
   Drain:     It drains your maximum health when unequipped.
 C - the ring of the Raven {rC+ rCorr AC+4}
   (You found it on level 2 of the Lair of Beasts)

   [ring of protection]

   AC:        It affects your AC (+4).
   rC:        It protects you from cold.
   rCorr:     It protects you from acid and corrosion.
 O - the ring "Ubliad" {Ice Str+8 Slay+3 Stlth-}
   (You took it off a deep elf high priest on level 3 of the Elven Halls)

   [ring of ice]

   It enhances your ice magic.
   Str:       It affects your strength (+8).
   Slay:      It affects your accuracy & damage with ranged weapons and melee
   (+3).
   rF:        It makes you vulnerable to fire.
   rC:        It protects you from cold.
   Stlth:     It makes you less stealthy.
Wands
 l - a wand of digging (18)
 t - a wand of charming (32)
 L - a wand of iceblast (51)
 M - a wand of mindburst (37) (quivered)
 Q - a wand of acid (13)
 Z - a wand of paralysis (20)
Scrolls
 g - a scroll of brand weapon
 i - 6 scrolls of fear
 k - 8 scrolls of immolation
 q - 27 scrolls of teleportation
 r - 6 scrolls of vulnerability
 u - a scroll of silence
 x - 6 scrolls of blinking
 B - 7 scrolls of fog
 H - 7 scrolls of summoning
 I - 7 scrolls of magic mapping
 K - 2 scrolls of holy word
Potions
 h - 7 potions of haste
 o - 7 potions of flight
 s - 9 potions of ambrosia
 v - 4 potions of berserk rage
 w - 3 potions of might
 D - 5 potions of heal wounds
 E - 9 potions of cancellation
 F - 5 potions of resistance
 G - 7 potions of lignification
 P - 4 potions of invisibility
 X - 25 potions of curing
Miscellaneous
 y - a condenser vane
 N - a tin of tremorstones (2/2)
 R - a phantom mirror
 S - a lightning rod (4/4)
 V - a box of beasts
 Y - a phial of floods


   Skills:
 + Level 25.6 Fighting
 - Level 22.0 Long Blades
 - Level 1.7 Throwing
 + Level 23.7 Armour
 + Level 16.2 Dodging
 - Level 5.0 Shields
 - Level 5.0 Spellcasting
 - Level 20.0 Evocations


You had 36 spell levels left.
You didn't know any spells.
Your spell library contained the following spells:

 Spells                   Type           Power      Damage    Failure   Level
 Animate Skeleton         Necr           4%         N/A       61%         1
 Apportation              Tloc           4%         N/A       61%         1
 Beastly Appendage        Tmut           4%         N/A       61%         1
 Magic Dart               Conj           8%         1d3       61%         1
 Pain                     Necr           8%         1d4       61%         1
 Sandblast                Erth           4%         2d4       61%         1
 Shock                    Conj/Air       8%         1d3       61%         1
 Summon Small Mammal      Summ           8%         N/A       61%         1
 Blink                    Tloc           N/A        N/A       75%         2
 Call Imp                 Summ           2%         N/A       75%         2
 Corpse Rot               Necr/Air       N/A        N/A       75%         2
 Ensorcelled Hibernation  Hex/Ice        4%         N/A       75%         2
 Passwall                 Tmut/Erth      1%         N/A       75%         2
 Scorch                   Fire           4%         2d5       75%         2
 Searing Ray              Conj           4%         2d4       75%         2
 Slow                     Hex            2%         N/A       75%         2
 Sublimation of Blood     Necr           1%         N/A       75%         2
 Wereblood                Tmut           2%         N/A       75%         2
 Call Canine Familiar     Summ           2%         N/A       93%         3
 Confusing Touch          Hex            2%         N/A       93%         3
 Conjure Flame            Conj/Fire      2%         6-21      93%         3
 Dazzling Flash           Conj/Hex       4%         N/A       93%         3
 Gell's Gravitas          Tloc           1%         N/A       93%         3
 Ignite Poison            Fire/Tmut/Pois 2%         N/A       93%         3
 Inner Flame              Hex/Fire       2%         N/A       93%         3
 Lesser Beckoning         Tloc           2%         N/A       93%         3
 Mephitic Cloud           Conj/Pois/Air  2%         N/A       93%         3
 Ozocubu's Armour         Ice            2%         N/A       93%         3
 Spider Form              Tmut/Pois      1%         N/A       93%         3
 Stone Arrow              Conj/Erth      4%         3d7       93%         3
 Summon Guardian Golem    Hex/Summ       2%         N/A       93%         3
 Swiftness                Air            2%         N/A       93%         3
 Teleport Other           Tloc           2%         N/A       93%         3
 Tukima's Dance           Hex            2%         N/A       93%         3
 Vampiric Draining        Necr           1%         2d6       93%         3
 Airstrike                Air            1%         N/A       100%        4
 Animate Dead             Necr           1%         N/A       100%        4
 Cause Fear               Hex            1%         N/A       100%        4
 Dispel Undead            Necr           2%         3d7       100%        4
 Fulminant Prism          Conj/Hex       1%         3d6       100%        4
 Hailstorm                Conj/Ice       2%         3d3       100%        4
 Ice Form                 Ice/Tmut       2%         N/A       100%        4
 Iskenderun's Mystic Bla  Conj/Tloc      2%         2d3       100%        4
 Passage of Golubria      Tloc           N/A        N/A       100%        4
 Sticky Flame             Conj/Fire      2%         2d3       100%        4
 Summon Lightning Spire   Summ/Air       2%         N/A       100%        4
 Alistair's Intoxication  Tmut/Pois      1%         N/A       100%        5
 Blade Hands              Tmut           1%         N/A       100%        5
 Fireball                 Conj/Fire      1%         3d3       100%        5
 Freezing Cloud           Conj/Ice/Air   1%         6-21      100%        5
 Irradiate                Conj/Tmut      1%         3d14      100%        5
 Iskenderun's Battlesphe  Conj           2%         2d6       100%        5
 Lee's Rapid Deconstruct  Erth           1%         3d5*      100%        5
 Lightning Bolt           Conj/Air       1%         1d12      100%        5
 Manifold Assault         Tloc           2%         N/A       100%        5
 Metabolic Englaciation   Hex/Ice        1%         N/A       100%        5
 Silence                  Hex/Air        1%         N/A       100%        5
 Yara's Violent Unravell  Hex/Tmut       1%         3d3       100%        5
 Conjure Ball Lightning   Conj/Air       1%         3x3d6     100%        6
 Death Channel            Necr           1%         N/A       100%        6
 Invisibility             Hex            1%         N/A       100%        6
 Simulacrum               Ice/Necr       1%         N/A       100%        6
 Starburst                Conj/Fire      1%         6d3       100%        6
 Statue Form              Tmut/Erth      1%         N/A       100%        6
 Dragon Form              Tmut           1%         N/A       100%        7
 Haunt                    Necr/Summ      1%         N/A       100%        7
 Malign Gateway           Summ/Tloc      1%         N/A       100%        7
 Orb of Destruction       Conj           1%         N/A       100%        7
 Summon Hydra             Summ           1%         N/A       100%        7
 Borgnjor's Revivificati  Necr           1%         N/A       100%        8
 Discord                  Hex            1%         N/A       100%        8
 Disjunction              Tloc           1%         N/A       100%        8
 Ignition                 Fire           1%         3d3       100%        8
 Infestation              Necr           1%         N/A       100%        8
 Lehudib's Crystal Spear  Conj/Erth      1%         10d2      100%        8
 Necromutation            Tmut/Necr      1%         N/A       100%        8
 Summon Horrible Things   Summ           1%         N/A       100%        8
 Death's Door             Necr           1%         N/A       100%        9
 Dragon's Call            Summ           1%         N/A       100%        9
 Shatter                  Erth           1%         3d5*      100%        9


Dungeon Overview and Level Annotations

Branches:
Dungeon (15/15)            Temple (0/1) D:5            Lair (6/6) D:11
  Swamp (4/4) Lair:2       Spider (4/4) Lair:3        Slime (5/5) Lair:6
    Orc (2/2) D:11            Elf (3/3) Orc:2        Vaults (5/5) D:13
  Crypt (3/3) Vaults:2       Tomb (0/3) Crypt:3      Depths (4/4) D:15
    Zot (5/5) Depths:4    Volcano (visited)         Gauntlet (visited)

Shops:
D:1 =   D:5 ?   D:7 !   D:9 (?!:   D:15 *   Orc:1 [   Orc:2 (=[*   Vaults:5 (
Depths:1 (!(   Depths:2 =:=

Portals:
Hell: Depths:1 Depths:2 Depths:3 Depths:4
Abyss: Lair:6 Depths:1 Depths:3
Pandemonium: Depths:2
Trove: D:15 (give 8 scrolls of fear)

Annotations:
Vaults:3 36 runed doors


Innate Abilities, Weirdness & Mutations

Your attributes grow dramatically as you level up.
You have an increased reservoir of magic. (+10% MP)
You shall have no god before yourself.
You are agile. (Dex +2)
You possess an exceptional clarity of mind.
Your mind is acute. (Int +2)
You are frail. (-10% HP)


Message History

You climb upwards.
There is a stone staircase leading down here.
An Orb Guardian comes into view.
The Orb Guardian hits you but does no damage.
You slash the Orb Guardian!
The Orb Guardian is lightly wounded.
The Orb Guardian completely misses you.
You miss the Orb Guardian.
The Orb Guardian is lightly wounded.
The Orb Guardian completely misses you.
You closely miss the Orb Guardian.
The Orb Guardian is lightly wounded.
The Orb Guardian hits you but does no damage.
Your crystal plate armour prevents you from hitting the Orb Guardian.
The Orb Guardian is lightly wounded.
The Orb Guardian hits you!
You hit the Orb Guardian.
The Orb Guardian is moderately wounded.
The Orb Guardian completely misses you.
You slash the Orb Guardian!
The Orb Guardian is moderately wounded.
The Orb Guardian closely misses you.
You slice the Orb Guardian!!
The Orb Guardian is severely wounded.
The Orb Guardian hits you but does no damage.
You slice the Orb Guardian!!
You kill the Orb Guardian!
(D) Dungeon (T) Temple (L) Lair (S) Swamp (N) Spider Nest (M) Slime Pits (O) Orcish Mines (E) Elven Halls (V) Vaults (C) Crypt (W) Tomb (U) Depths (H) Hell (Z) Zot
Where to? (Enter - D:1 @ (x,y), ? - help)
There is a fountain of clear blue water here.
There is an open door here.
There is a stone staircase leading up here.
You climb upwards.
There is a stone staircase leading down here.
There is an open door here.
There is a staircase leading out of the dungeon here.
You have escaped!

#.........# #.##.#.##.###
#####'###.##
########....#.##.... #.#
#..###.....#####.#.######
#.####.##.......##
#.#.###### #..#
#'#.........###.#.##....
##.#
##...........##.#.##.##.
#.###.............'.......#.
#.##..............##..##..#.
#..........@..............##
#.##..............##.##.....
#..##.......[.....#......###
##..##...........##.#.##.#
##..##.........##..#.#..#
##..#+.......##..##.#.##
##..##.....'#..###.#.####
##..#######&.####.#.....
##......(..##....######


You could see Dosm (wandering).

Vanquished Creatures
  the Royal Jelly (Slime:5)
  4 dread liches (Zot:5)
  Khufu (Crypt:2)
  An ancient lich (Depths:2)
  9 orbs of fire (Zot:5)
  A royal mummy (Crypt:2)
  Bai Suzhen (Crypt:3)
  4 Killer Klowns
  Frederick (Vaults:3)
  Boris (twice) (Crypt:3 Vaults:5)
  Margery (Crypt:2)
  Saint Roka (Depths:2)
  2 curse toes
  16 caustic shrikes
  13 golden dragons
  Jory (Crypt:3)
  A profane servitor (Crypt:3)
  3 bone dragons
  2 electric golems (Zot:5)
  An iron giant (Zig:7)
  16 tentacled monstrosities
  2 Brimstone Fiends
  28 Orb Guardians
  2 hellephants (Zig:6)
  3 liches
  A shard shrike skeleton (Crypt:2)
  Mlioglotl (Swamp:3)
  5 deep elf blademasters
  A searing wretch (Zig:6)
  5 sphinxes
  16 acid blobs
  2 deep elf master archers (Elf:3)
  8 quicksilver dragons
  5 ancient champions
  A titan (Vaults:5)
  Gastronok (Lair:2)
  6 death cobs
  13 storm dragons
  7 tengu reavers
  Donald (Spider:3)
  Roxanne (Spider:4)
  7 azure jellies
  14 shadow dragons
  A revenant (Crypt:3)
  9 draconian monks
  13 rockslimes
  A caustic shrike zombie (Crypt:3)
  3 draconian knights
  7 fire giants
  The ghost of Iveip the Metallomancer, a journeyman DDNe of Makhleb (Swamp:2)
  5 ghost moths
  8 frost giants
  The ghost of Himuttisk the Convoker, an adept DESu of Sif Muna (D:15)
  7 deep elf sorcerers
  2 balrugs
  4 draconian shifters
  3 iron dragons
  A walking divine tome (Depths:3)
  18 vault wardens
  2 emperor scorpions
  2 curse skulls
  12 ghouls
  3 draconian stormcallers
  A juggernaut zombie (Depths:2)
  3 draconian scorchers
  2 deep elf elementalists (Elf:3)
  4 orc warlords
  Louise (Depths:1)
  A cacodemon (Zot:1)
  2 war gargoyles (Vaults:5)
  22 ironbound preservers
  6 draconian annihilators
  19 stone giants
  A juggernaut skeleton (Depths:3)
  11 green draconians
  A spriggan defender (Depths:2)
  2 caustic shrike skeletons (Depths:3)
  18 very ugly things
  12 quicksilver oozes
  Nessos (D:15)
  18 vampire knights
  A lorocyproca (Zot:4)
  5 entropy weavers
  7 deep elf demonologists (Elf:3)
  9 yellow draconians
  11 deep elf annihilators (Elf:3)
  15 white draconians
  Azrael (Orc:2)
  6 dire elephants (Vaults:3)
  A minotaur (Gauntlet)
  3 spark wasps
  18 black draconians
  12 red draconians
  3 bunyips
  3 purple draconians (Zot:5)
  A green death (D:5)
  12 ettins
  11 deep elf death magi
  2 eleionomae
  2 crystal guardians (Vaults:1)
  A merfolk impaler (Depths:2)
  2 eidola (Crypt:1)
  A blizzard demon (Gauntlet)
  22 jiangshi
  A quicksilver dragon zombie (Crypt:2)
  7 deep elf high priests
  4 fire dragons
  Josephine (D:14)
  31 vault guards
  10 boulder beetles
  12 yaktaur captains
  A fenstrider witch zombie (Crypt:2)
  8 ice dragons
  3 rakshasas (Depths:2)
  23 hydras
  Erolcha (D:11)
  A quicksilver dragon skeleton (Crypt:2)
  7 great orbs of eyes
  2 ogre magi (Vaults:5)
  3 ghost crabs
  A peacekeeper (Vaults:1)
  4 spriggan air magi
  A hell beast (Depths:2)
  3 salamander tyrants (Zig:4)
  A catoblepas (Lair:6)
  8 ironbound thunderhulks
  A fenstrider witch skeleton (Crypt:1)
  10 centaur warriors
  An anaconda (shapeshifter) (Vaults:5)
  28 dancing weapons
  8 two-headed ogres
  12 alligators
  4 tengu warriors
  9 ironbound frosthearts
  5 death yaks (Lair:5)
  A two-headed ogre (shapeshifter) (Depths:2)
  Erica (Lair:2)
  A naga sharpshooter (Zig:4)
  4 deep troll shamans
  3 deep troll earth magi
  3 spriggan berserkers (Depths:4)
  4 death knights
  6 orc high priests
  6 vampire magi
  18 deep elf knights
  3 thrashing horrors (Lair:6)
  Sonja (Orc:2)
  8 hell knights
  4 soul eaters (Depths:2)
  5 sun demons
  47 skeletal warriors
  5 shadow wraiths
  7 titan skeletons
  4 iron trolls
  2 spark wasp zombies (Depths:2)
  7 goliath frogs
  A sixfirhy (D:7)
  3 glowing orange brains
  4 infernal demonspawn
  2 storm dragon skeletons
  85 deep trolls
  4 spriggan druids
  9 swamp dragons
  An obsidian statue (D:15)
  2 shadow dragon zombies
  7 deep elf archers
  8 phantasmal warriors
  A lindwurm (shapeshifter) (Elf:1)
  A shadow demon (D:15)
  A bunyip skeleton (Crypt:2)
  3 golden dragon skeletons (Depths:3)
  15 necromancers
  13 wizards
  5 bog bodies
  6 lindwurms
  6 flayed ghosts
  A sphinx zombie (Depths:2)
  A glowing shapeshifter (Depths:3)
  A mana viper (shapeshifter) (Vaults:5)
  Pikel (D:4)
  A wolf spider zombie (D:15)
  24 deep elf pyromancers
  23 deep elf zephyrmancers
  4 harpies
  22 ironbound convokers
  A manticore (D:14)
  A wolf spider (shapeshifter) (Vaults:5)
  18 orb spiders
  4 tengu skeletons (Depths:3)
  2 shadow dragon skeletons (Depths:3)
  9 orc knights
  28 wolf spiders
  5 orc sorcerers
  A salamander (shapeshifter) (Vaults:5)
  2 shining eyes
  A fire giant zombie (Depths:2)
  A will-o-the-wisp (Swamp:2)
  30 moths of wrath
  2 iron dragon skeletons (Depths:3)
  44 ugly things
  A frost giant skeleton (Depths:3)
  3 elephants (Lair:6)
  2 spriggan zombies
  10 cyclopes
  3 smoke demons
  A guardian serpent (shapeshifter) (Lair:6)
  A guardian serpent (Zig:1)
  5 black mambas
  3 sphinx skeletons (Depths:3)
  16 vault sentinels
  A fire giant skeleton (Depths:3)
  3 rust devils (Depths:2)
  4 torpor snails
  A dire elephant zombie (Crypt:2)
  15 cane toads
  3 orange demons
  A red draconian zombie (Crypt:2)
  2 eyes of devastation
  A storm dragon simulacrum (Crypt:2)
  3 rime drakes
  An unseen horror (D:10)
  3 gargoyles
  3 spriggan skeletons
  A golden dragon simulacrum (Crypt:2)
  17 komodo dragons
  An efreet (D:14)
  An ancient zyme (Lair:6)
  5 freezing wraiths
  40 yaktaurs
  3 tengu conjurers
  11 demonic crawlers
  3 hellwings (Depths:2)
  3 ice devils
  A sea snake skeleton (Crypt:2)
  9 trolls
  A merfolk (shapeshifter) (Lair:6)
  A spectral harpy (Crypt:3)
  44 jumping spiders
  A meliai (shapeshifter) (Lair:2)
  A red devil (Depths:2)
  6 meliai
  3 large abominations
  16 hornets
  6 tyrant leeches
  Grinder (D:4)
  A harpy skeleton (Crypt:3)
  89 slime creatures
  A fire dragon zombie (Crypt:2)
  A dream sheep (shapeshifter) (D:14)
  30 blink frogs
  62 flying skulls
  72 redbacks
  A meliai zombie (D:11)
  3 ynoxinuls
  4 air elementals
  2 centaur simulacra
  A fire dragon skeleton (Crypt:2)
  4 shadows
  7 spriggans
  A spriggan (shapeshifter) (Elf:3)
  7 wyverns
  2 dire elephant simulacra (Crypt:2)
  34 yaks
  An ettin skeleton (Vaults:3)
  39 tarantellas
  4 fire elementals
  13 wraiths
  5 vampires
  11 water elementals
  3 fire bats (Lair:4)
  9 humans (D:13)
  7 golden eyes
  A neqoxec (Depths:2)
  A golden eye (shapeshifter) (Vaults:5)
  3 chaos spawn (Lair:6)
  2 steam dragons
  11 basilisks
  26 vampire mosquitoes
  Menkaure (D:7)
  21 swamp worms
  14 small abominations
  6 wargs
  An acid dragon (D:13)
  A floating eye (Depths:3)
  2 hell hounds (Orc:1)
  11 water moccasins
  A black bear (Lair:1)
  2 ice beasts
  8 swamp drakes
  8 necrophages
  A sky beast (D:6)
  43 orc warriors
  14 ogres
  A wolf (shapeshifter) (Lair:6)
  13 wolves
  A human zombie (Vaults:3)
  A hog zombie (Crypt:2)
  10 centaurs
  A swamp dragon skeleton (Crypt:2)
  4 elf zombies (Elf:1)
  3 kobold brigands
  13 bullfrogs
  3 scorpions
  2 earth elementals
  2 wyvern zombies (D:8)
  4 gnoll sergeants (D:11)
  A komodo dragon skeleton (Crypt:1)
  A water moccasin zombie (D:5)
  A water moccasin skeleton (D:7)
  A shapeshifter zombie (Crypt:1)
  6 killer bees
  4 wights
  2 howler monkeys
  A lava snake (Lair:2)
  4 centaur zombies
  2 bullfrog zombies (D:7)
  5 hounds
  10 jellies
  2 bullfrog skeletons
  24 orc priests
  3 centaur skeletons
  7 gnoll shamans
  An iguana (D:6)
  36 orc wizards
  A tengu zombie (Crypt:2)
  An acid dragon skeleton (Crypt:1)
  A hound skeleton (D:5)
  2 mummies (Crypt:2)
  17 gnolls
  2 howler monkey skeletons (D:7)
  6 adders
  A shadow imp (D:7)
  4 white imps
  An ufetubus (D:7)
  An adder skeleton (D:4)
  3 worms
  2 dart slugs
  94 orcs
  7 ball pythons
  8 endoplasms
  2 giant cockroaches
  4 goblins
  6 hobgoblins
  8 jackals
  7 kobolds
  6 quokkas
  9 bats
  4 frilled lizards
  A hobgoblin skeleton (Crypt:1)
  A quokka zombie (Crypt:2)
  6 rats
2571 creatures vanquished.

Vanquished Creatures (collateral kills)
  the Lernaean hydra (Swamp:4)
  Arachne (Spider:4)
  Jorgrun (D:15)
  An azure jelly (Slime:2)
  Aizul (Spider:4)
  A hell knight (Crypt:2)
  A goliath frog (Swamp:3)
  A wolf spider (Spider:4)
  A redback (Spider:4)
  A swamp worm (Swamp:3)
10 creatures vanquished.

Vanquished Creatures (others)
  An eldritch tentacle (D:15)
  2 spark wasps (Spider:4)
  2 wizards
  3 bloated husks
  A human (D:13)
  An ogre (Vaults:5)
  A fire vortex (D:14)
  2 foxfires (Swamp:2)
  80 fungi
  90 plants
183 creatures vanquished.

Grand Total: 2764 creatures vanquished

Notes
Turn   | Place    | Note
-------+----------+-------------------------------------------
     0 | D:1      | Charly the Demigod Gladiator began the quest for the Orb.
     0 | D:1      | Reached XP level 1. HP: 17/17 MP: 3/3
    93 | D:1      | Reached skill level 2 in Fighting
   398 | D:1      | Reached XP level 2. HP: 24/24 MP: 4/4
   506 | D:1      | Found Reoff's Jewellery Shoppe.
  1491 | D:2      | Reached XP level 3. HP: 17/30 MP: 5/5
  2110 | D:2      | Noticed an eye of devastation
  2123 | D:2      | Noticed a floating eye
  2130 | D:2      | Noticed an eye of devastation
  2137 | D:2      | Noticed a floating eye
  2816 | D:2      | Reached skill level 1 in Evocations
  3422 | D:2      | Reached skill level 3 in Fighting
  3422 | D:2      | Reached XP level 4. HP: 38/38 MP: 6/6
  4686 | D:3      | Reached XP level 5. HP: 40/45 MP: 7/7
  5247 | D:4      | Noticed Pikel
  5304 | D:4      | Reached XP level 6. HP: 52/52 MP: 8/8
  5382 | D:4      | Reached skill level 4 in Fighting
  5388 | D:4      | Noticed Grinder
  5388 | D:4      | Paralysed by Grinder for 6 turns
  5396 | D:4      | Killed Grinder
  5397 | D:4      | Reached skill level 5 in Long Blades
  5473 | D:4      | Killed Pikel
  5474 | D:4      | Reached skill level 5 in Fighting
  5474 | D:4      | Reached XP level 7. HP: 55/61 MP: 9/9
  5866 | D:5      | Entered Level 5 of the Dungeon
  5898 | D:5      | Found Taiham's Magic Scroll Boutique.
  5905 | D:5      | Bought a scroll of magic mapping for 38 gold pieces
  5905 | D:5      | Bought a scroll of teleportation for 33 gold pieces
  5905 | D:5      | Bought a scroll of identify for 22 gold pieces
  5905 | D:5      | Bought a scroll of identify for 22 gold pieces
  5905 | D:5      | Bought a scroll of identify for 22 gold pieces
  5905 | D:5      | Bought a scroll of identify for 22 gold pieces
  6063 | D:5      | Found a staircase to the Ecumenical Temple.
  6262 | D:5      | Reached XP level 8. HP: 58/69 MP: 10/10
  6460 | D:5      | Reached skill level 5 in Evocations
  6757 | D:5      | Reached skill level 6 in Fighting
  8334 | D:7      | Noticed Menkaure
  8340 | D:7      | Killed Menkaure
  8341 | D:7      | Reached skill level 7 in Fighting
  8434 | D:7      | Reached XP level 9. HP: 59/79 MP: 11/11
  8752 | D:6      | Reached skill level 8 in Fighting
  8987 | D:7      | Found Idesi's Distillery.
  8990 | D:7      | Bought a potion of lignification for 36 gold pieces
  8990 | D:7      | Bought a potion of lignification for 36 gold pieces
  8990 | D:7      | Bought a potion of heal wounds for 60 gold pieces
  8990 | D:7      | Bought a potion of curing for 36 gold pieces
  8990 | D:7      | Bought a potion of cancellation for 96 gold pieces
  8990 | D:7      | Bought a potion of curing for 36 gold pieces
  8990 | D:7      | Bought a potion of curing for 36 gold pieces
  9043 | D:7      | Identified the +0 robe of Loss {Regen+ Stlth+}
  9319 | D:8      | Noticed a two-headed ogre
  9337 | D:8      | Killed a two-headed ogre
  9338 | D:8      | Reached skill level 9 in Fighting
  9518 | D:8      | Reached XP level 10. HP: 81/91 MP: 13/13
 10247 | D:7      | Bought a potion of resistance for 120 gold pieces
 10280 | D:9      | Found Tareoff's Book Shoppe.
 10345 | D:9      | Found Leph's Magic Scroll Shop.
 10610 | D:9      | Bought a scroll of identify for 26 gold pieces
 10623 | D:9      | Found Sonaulirph's Weapon Shoppe.
 10773 | D:9      | Found Guirch's Distillery.
 10995 | D:9      | Reached skill level 10 in Long Blades
 11015 | D:9      | Identified the +10 quarterstaff "Teqebubir" {antimagic,
                  | rN+}
 11067 | D:9      | Bought a scroll of identify for 26 gold pieces
 11091 | D:10     | Entered Level 10 of the Dungeon
 11168 | D:10     | Noticed a two-headed ogre
 11185 | D:10     | Killed a two-headed ogre
 11186 | D:10     | Reached skill level 10 in Fighting
 11809 | D:9      | Bought a scroll of identify for 26 gold pieces
 11809 | D:9      | Bought a scroll of identify for 26 gold pieces
 11854 | D:11     | Noticed Erolcha
 11985 | D:11     | Noticed a two-headed ogre
 12009 | D:11     | Killed a two-headed ogre
 12745 | D:11     | Reached XP level 11. HP: 87/101 MP: 14/14
 12891 | D:11     | Found a staircase to the Lair.
 12905 | D:11     | Noticed a boulder beetle
 12925 | D:11     | Killed a boulder beetle
 13172 | Lair:1   | Entered Level 1 of the Lair of Beasts
 13860 | Lair:1   | Noticed a seven-headed hydra
 13868 | Lair:1   | Killed a seven-headed hydra
 13869 | Lair:1   | Reached skill level 11 in Fighting
 15482 | D:11     | Noticed a seven-headed hydra
 15747 | Lair:2   | Found a staircase to the Swamp.
 16428 | Lair:2   | Noticed Urug
 16429 | Lair:2   | Noticed Urug
 16429 | Lair:2   | Urug changed into Urug the rime drake
 16439 | Lair:2   | Killed Urug the rime drake
 16472 | Lair:2   | Reached XP level 12. HP: 86/112 MP: 15/15
 16705 | Lair:2   | Noticed Erica
 16749 | Lair:2   | Found a runed translucent door.
 16988 | Lair:2   | Noticed Gastronok
 17569 | Lair:2   | Found a runed translucent gate.
 17569 | Lair:2   | Found a runed translucent gate.
 17569 | Lair:2   | Found a runed translucent gate.
 17569 | Lair:2   | Found a runed translucent gate.
 17569 | Lair:2   | Found a runed translucent gate.
 17569 | Lair:2   | Found a runed translucent gate.
 17616 | Lair:2   | Reached skill level 12 in Fighting
 18136 | Lair:2   | Identified the ring of the Raven {rC+ rCorr AC+4}
 18199 | Lair:2   | Killed Erica
 18228 | Lair:2   | Killed Gastronok
 18784 | D:9      | Bought a potion of heal wounds for 80 gold pieces
 18805 | D:9      | Bought a scroll of summoning for 123 gold pieces
 18969 | Lair:2   | Reached skill level 10 in Evocations
 20079 | Lair:3   | Found a hole to the Spider Nest.
 20679 | Lair:4   | Reached skill level 13 in Fighting
 20734 | Lair:4   | Found a dark tunnel.
 20756 | Volcano  | Entered a volcano
 21066 | Volcano  | Noticed a red draconian
 21153 | Volcano  | Killed a red draconian
 21343 | Lair:4   | Reached XP level 13. HP: 122/122 MP: 16/16
 22291 | Lair:5   | Reached skill level 1 in Armour
 23611 | Lair:5   | Reached skill level 14 in Fighting
 24540 | Lair:6   | Entered Level 6 of the Lair of Beasts
 24576 | Lair:6   | Reached skill level 5 in Dodging
 25324 | Lair:6   | Reached skill level 5 in Armour
 25447 | Lair:6   | Reached XP level 14. HP: 94/133 MP: 17/17
 26339 | Lair:6   | Identified the ring "Siuhiptu" {Fire Contam rPois Str+4}
 26377 | Lair:6   | Found a staircase to the Slime Pits.
 27242 | Lair:6   | Found a one-way gate to the infinite horrors of the Abyss.
 27248 | Lair:6   | Identified the ring "Duwyup" {Fire Contam Dex+6}
 27618 | D:5      | Bought a scroll of acquirement for 572 gold pieces
 27619 | D:5      | Acquired a scarf of resistance
 27620 | D:5      | Acquired a +2 triple sword of holy wrath
 27892 | D:11     | Killed Erolcha
 27956 | D:11     | Found a staircase to the Orcish Mines.
 29906 | D:11     | Reached skill level 15 in Fighting
 31171 | D:13     | Found a gate leading to a gauntlet.
 31177 | Gauntlet | Entered a Gauntlet
 31177 | Gauntlet | Found a transporter.
 31177 | Gauntlet | Found a transporter.
 31313 | Gauntlet | Found a transporter.
 31313 | Gauntlet | Found a transporter.
 31316 | Gauntlet | Found a transporter.
 31326 | Gauntlet | Found a transporter.
 31392 | Gauntlet | Found a transporter.
 31406 | Gauntlet | Found a transporter.
 31417 | Gauntlet | Found a transporter.
 31427 | Gauntlet | Found a transporter.
 31442 | Gauntlet | Found a transporter.
 31448 | Gauntlet | Found a transporter.
 31711 | Gauntlet | Identified the +9 war axe "Dauzxemo" {venom, *Rage *Corrode
                  | rElec rF+++ Int-5}
 31711 | Gauntlet | Identified the +6 shortbow "Fuwoikuwa" {flame, rC+}
 31748 | Gauntlet | Identified the +0 buckler of Stained Birdsong {Contam Int+6
                  | Slay+3}
 31749 | Gauntlet | Got the Collected Works on Attacks
 33114 | D:13     | Acquired a manual of Long Blades
 33546 | D:13     | Found a gate to the Vaults.
 34126 | D:14     | Reached XP level 15. HP: 130/141 MP: 16/18
 34183 | D:14     | Noticed Josephine
 34307 | D:14     | Reached skill level 1 in Shields
 34346 | D:14     | Reached skill level 15 in Long Blades
 34515 | D:14     | You fall into a shaft and drop 1 floor!
 34515 | D:15     | Entered Level 15 of the Dungeon
 34684 | D:14     | Killed Josephine
 36667 | D:15     | Noticed Jorgrun
 36685 | D:15     | Killed Jorgrun
 36940 | D:15     | Found a portal to a secret trove of treasure.
 36988 | D:15     | Found a runed translucent gate.
 37024 | D:15     | Found a runed translucent gate.
 37024 | D:15     | Found a runed translucent gate.
 37024 | D:15     | Noticed Himuttisk's ghost (adept DESu)
 37205 | D:15     | Found a staircase to the Depths.
 37303 | D:15     | Noticed Nessos
 37306 | D:15     | Killed Nessos
 37340 | D:15     | Found Apsumi's Assorted Antiques.
 37572 | Orc:1    | Entered Level 1 of the Orcish Mines
 37749 | Orc:1    | Found Neder's Antique Armour Emporium.
 38158 | Orc:1    | You fall into a shaft and drop 1 floor!
 38158 | Orc:2    | Entered Level 2 of the Orcish Mines
 38333 | Orc:2    | Found a staircase to the Elven Halls.
 38535 | Orc:2    | Noticed Azrael
 38781 | Orc:2    | Killed Azrael
 39077 | Orc:2    | Noticed Sonja
 39121 | Orc:2    | Killed Sonja
 40884 | Orc:2    | Found Xosedu's Antique Armour Emporium.
 40891 | Orc:2    | Found Puked's General Store.
 40891 | Orc:2    | Found Fetzaerph's Jewellery Emporium.
 41055 | Orc:2    | Found Siomeafo's Antique Weapon Shoppe.
 41328 | D:9      | Bought a potion of curing for 48 gold pieces
 41328 | D:9      | Bought a potion of experience for 800 gold pieces
 41328 | D:9      | Reached XP level 16. HP: 146/146 MP: 19/19
 41405 | Orc:1    | Bought a pair of glowing gloves for 232 gold pieces
 41520 | Swamp:1  | Entered Level 1 of the Swamp
 42221 | Swamp:1  | Reached skill level 5 in Shields
 43532 | Swamp:2  | Reached XP level 17. HP: 94/151 MP: 13/20
 44040 | Swamp:2  | Found a runed translucent door.
 44041 | Swamp:2  | Noticed Iveip's ghost (journeyman DDNe)
 44679 | Swamp:3  | Noticed Mlioglotl
 44689 | Swamp:3  | Killed Mlioglotl
 45501 | Swamp:3  | Identified the +5 chain mail "Zenu Luu" {rPois rF+++ Will+}
 46215 | Swamp:4  | Entered Level 4 of the Swamp
 47097 | Swamp:4  | Reached skill level 10 in Armour
 47849 | Swamp:4  | Noticed the 27-headed Lernaean hydra
 48100 | Swamp:4  | Killed the 27-headed Lernaean hydra
 48530 | Swamp:4  | Got a decaying rune of Zot
 49455 | Orc:2    | Bought a runed triple sword for 325 gold pieces
 49725 | Spider:1 | Entered Level 1 of the Spider Nest
 50033 | Spider:1 | Reached skill level 16 in Fighting
 51772 | Spider:2 | You fall into a shaft and drop 1 floor!
 52974 | Spider:3 | Reached XP level 18. HP: 166/166 MP: 21/21
 53195 | Spider:3 | Noticed Donald
 53211 | Spider:3 | Killed Donald
 53716 | Spider:4 | Entered Level 4 of the Spider Nest
 54431 | Spider:4 | Identified Roxanne's Almanac of Moulding
 54431 | Spider:4 | Noticed Roxanne
 55489 | Spider:4 | Noticed Aizul
 55504 | Spider:4 | Noticed Arachne
 55504 | Spider:4 | Killed Aizul
 55517 | Spider:4 | Killed Arachne
 55690 | Spider:4 | Got a gossamer rune of Zot
 55943 | Spider:4 | Killed Roxanne
 56334 | Orc:2    | Bought a shiny helmet for 240 gold pieces
 56347 | Orc:2    | Bought an embroidered cloak for 240 gold pieces
 56597 | D:15     | Killed Himuttisk's ghost
 56793 | D:15     | Bought a scroll of blinking for 187 gold pieces
 56793 | D:15     | Bought a potion of heal wounds for 125 gold pieces
 56882 | Vaults:1 | Entered Level 1 of the Vaults
 57157 | Vaults:1 | You fall into a shaft and drop 1 floor!
 57168 | Vaults:2 | Identified the ring of Dyxeddats {Fly Int+4}
 58051 | Vaults:1 | Acquired the ring of Yhufiel {Will++ AC+4 Str+4 Int-3 SInv}
 58583 | D:5      | Bought a scroll of enchant armour for 82 gold pieces
 59427 | Vaults:1 | Reached XP level 19. HP: 86/174 MP: 16/22
 59883 | Vaults:1 | Reached skill level 17 in Fighting
 61928 | Vaults:2 | Found a staircase to the Crypt.
 62432 | Vaults:3 | Reached skill level 15 in Evocations
 62706 | Vaults:3 | Reached skill level 10 in Dodging
 63670 | Vaults:3 | Noticed Frederick
 63677 | Vaults:3 | Killed Frederick
 64026 | Vaults:3 | You fall into a shaft and drop 1 floor!
 64046 | Vaults:3 | Found a huge runed gate.
 64046 | Vaults:3 | Found a huge runed gate.
 64046 | Vaults:3 | Found a huge runed gate.
 64046 | Vaults:3 | Found a huge runed gate.
 64046 | Vaults:3 | Found a huge runed gate.
 64046 | Vaults:3 | Found a huge runed gate.
 64047 | Vaults:3 | Found a huge runed gate.
 64047 | Vaults:3 | Found a huge runed gate.
 64047 | Vaults:3 | Found a huge runed gate.
 64047 | Vaults:3 | Found a huge runed gate.
 64050 | Vaults:3 | Found a huge runed gate.
 64050 | Vaults:3 | Found a huge runed gate.
 64050 | Vaults:3 | Found a huge runed gate.
 64050 | Vaults:3 | Found a huge runed gate.
 64050 | Vaults:3 | Found a huge runed gate.
 64050 | Vaults:3 | Found a huge runed gate.
 64051 | Vaults:3 | Found a huge runed gate.
 64052 | Vaults:3 | Found a huge runed gate.
 64053 | Vaults:3 | Found a huge runed gate.
 64137 | Vaults:3 | Found a huge runed gate.
 64137 | Vaults:3 | Found a huge runed gate.
 64137 | Vaults:3 | Found a huge runed gate.
 64137 | Vaults:3 | Found a huge runed gate.
 64137 | Vaults:3 | Found a huge runed gate.
 64137 | Vaults:3 | Found a huge runed gate.
 64138 | Vaults:3 | Found a huge runed gate.
 64139 | Vaults:3 | Found a huge runed gate.
 64140 | Vaults:3 | Found a huge runed gate.
 64317 | Vaults:3 | Found a huge runed gate.
 64317 | Vaults:3 | Found a huge runed gate.
 64317 | Vaults:3 | Found a huge runed gate.
 64317 | Vaults:3 | Found a huge runed gate.
 64317 | Vaults:3 | Found a huge runed gate.
 64317 | Vaults:3 | Found a huge runed gate.
 64318 | Vaults:3 | Found a huge runed gate.
 64319 | Vaults:3 | Found a huge runed gate.
 65421 | Vaults:4 | Reached XP level 20. HP: 107/187 MP: 15/24
 66038 | Vaults:4 | Identified the +0 pair of boots "Echielum" {rC+ rN+}
 66074 | Vaults:4 | Reached skill level 18 in Fighting
 67102 | Elf:1    | Entered Level 1 of the Elven Halls
 67556 | Elf:1    | Found a huge runed translucent gate.
 67556 | Elf:1    | Found a huge runed translucent gate.
 67556 | Elf:1    | Found a huge runed translucent gate.
 67556 | Elf:1    | Found a huge runed translucent gate.
 67556 | Elf:1    | Found a huge runed translucent gate.
 67556 | Elf:1    | Found a huge runed translucent gate.
 67556 | Elf:1    | Found a huge runed translucent gate.
 67557 | Elf:1    | Found a huge runed translucent gate.
 67563 | Elf:1    | Identified the +3 double sword of the Ten Wonders {freeze,
                  | rElec rCorr SInv}
 67761 | Elf:1    | Reached skill level 15 in Armour
 67784 | Elf:1    | Got the Collected Works on Evil Rites
 67815 | Elf:1    | Identified the +2 mace of Nemelex Xobeh {holy, *Rage Drain
                  | Int+6}
 67980 | Elf:1    | Reached skill level 1 in Spellcasting
 69108 | Elf:2    | Found a huge runed translucent gate.
 69108 | Elf:2    | Found a huge runed translucent gate.
 69108 | Elf:2    | Found a huge runed translucent gate.
 69108 | Elf:2    | Found a huge runed translucent gate.
 69114 | Elf:2    | Found a huge runed translucent gate.
 69402 | Elf:2    | Paralysed by an air elemental for 1 turns
 70938 | Elf:3    | Entered Level 3 of the Elven Halls
 72084 | Elf:3    | Identified the ring "Ubliad" {Ice Str+8 Slay+3 Stlth-}
 72177 | Elf:3    | Identified the ring "Keuzom" {Str+4 SInv}
 72547 | Elf:3    | Reached XP level 21. HP: 172/195 MP: 26/31
 72587 | Elf:3    | Identified the +8 dire flail of Couch {drain, Int+6}
 72587 | Elf:3    | Identified the +1 leather armour of the Red Skies {Harm
                  | Drain Int+4 SInv}
 72604 | Elf:3    | Identified the +1 trident of Tyso {vorpal, rElec}
 72633 | Elf:3    | Identified the ring "Vawagop" {Drain rN+ AC+4 Str+4 Int+9}
 73031 | Elf:3    | Paralysed by an air elemental for 1 turns
 73046 | Elf:3    | Got Ovifua's Tome of Evil Calling
 73058 | Elf:3    | Identified the +0 scale mail of Shielding {rC+ Str+3}
 73686 | D:9      | Bought 3 scrolls of enchant armour for 292 gold pieces
 73686 | D:9      | Bought a scroll of enchant armour for 97 gold pieces
 73692 | D:9      | Bought a scroll of teleportation for 39 gold pieces
 73870 | Orc:2    | Bought a potion of curing for 48 gold pieces
 73870 | Orc:2    | Bought a potion of curing for 48 gold pieces
 74091 | D:15     | Bought a potion of curing for 75 gold pieces
 74119 | Depths:1 | Entered Level 1 of the Depths
 74359 | Depths:1 | Found Owkuzax's Weapon Emporium.
 74361 | Depths:1 | Found Suzxosaq's Distillery.
 74364 | Depths:1 | Found Qoumaul's Antique Weapon Emporium.
 74369 | Depths:1 | Bought 2 potions of resistance for 360 gold pieces
 74369 | Depths:1 | Bought a potion of curing for 54 gold pieces
 74369 | Depths:1 | Bought a potion of curing for 54 gold pieces
 74381 | Depths:1 | Reached skill level 5 in Spellcasting
 74394 | Depths:1 | Noticed Louise
 74399 | Depths:1 | Killed Louise
 75249 | Depths:1 | Found a gateway to Hell.
 75763 | Depths:2 | Noticed an ancient lich
 76517 | Depths:2 | Reached skill level 19 in Fighting
 76521 | Depths:2 | Killed an ancient lich
 76540 | Depths:2 | Found Ibipniy's Jewellery Shop.
 76541 | Depths:2 | Found Ihaiq's Book Emporium.
 76542 | Depths:2 | Found Belaih's Jewellery Shop.
 76606 | Depths:2 | Upgraded the game from 0.28-a0-511-gcc94558de3 to
                  | 0.28-a0-514-g0d7ab7f379
 76690 | Depths:2 | Got the Tome of Black Arts
 76933 | Depths:2 | Identified the +4 mace "Menteeg" {drain, rF- Int+6}
 76983 | Depths:2 | Noticed Saint Roka
 76989 | Depths:2 | Killed Saint Roka
 77200 | Depths:2 | Identified the +7 trident "Xekisur" {vorpal, *Corrode
                  | Int+4}
 77395 | Depths:2 | Found a one-way gate leading to the halls of Pandemonium.
 77899 | Depths:2 | Bought the amulet of Kiuten {Acrobat Drain rPois Int-4
                  | Slay+4} for 572 gold pieces
 78125 | D:5      | Bought a scroll of holy word for 82 gold pieces
 78495 | Depths:3 | Reached XP level 22. HP: 193/206 MP: 34/34
 79879 | Depths:3 | Identified the +1 ring mail of Aheil {rC- Will+ Stlth+}
 80415 | Depths:4 | Entered Level 4 of the Depths
 80562 | Depths:4 | Reached skill level 20 in Fighting
 81030 | Depths:4 | Found a gateway to a ziggurat.
 81522 | Depths:4 | Found a gate to the Realm of Zot.
 82192 | Crypt:1  | Entered Level 1 of the Crypt
 83063 | Crypt:2  | Reached XP level 23. HP: 217/217 MP: 35/35
 83717 | Crypt:2  | Noticed Khufu
 83724 | Crypt:2  | Killed Khufu
 83744 | Crypt:2  | Noticed Margery
 83759 | Crypt:2  | Reached skill level 21 in Fighting
 83762 | Crypt:2  | Killed Margery
 84072 | Crypt:3  | Entered Level 3 of the Crypt
 84143 | Crypt:3  | Noticed Boris
 84148 | Crypt:3  | Killed Boris
 84879 | Crypt:3  | Noticed Bai Suzhen
 84892 | Crypt:3  | Killed Bai Suzhen
 85002 | Crypt:3  | Identified the +2 robe of Quxkim {Rampage Int+3}
 85211 | Crypt:3  | Noticed Jory
 85221 | Crypt:3  | Killed Jory
 85503 | Crypt:3  | Got Curphew's Disquisition on Igneous Confrontation
 85546 | Crypt:3  | Found a staircase to the Tomb.
 85915 | Depths:1 | Bought a smoking great sword for 529 gold pieces
 85915 | Depths:1 | Identified the +7 great sword "Loanu Tue" {vorpal, Str+3}
                  | (You bought it in a shop on level 1 of the Depths)
 85918 | Depths:1 | Bought 2 potions of invisibility for 288 gold pieces
 85996 | D:15     | Bought a scroll of summoning for 237 gold pieces
 86196 | Slime:1  | Entered Level 1 of the Pits of Slime
 86278 | Slime:4  | Reached skill level 22 in Fighting
 86519 | Slime:5  | Entered Level 5 of the Pits of Slime
 87313 | Slime:5  | Noticed the Royal Jelly
 87388 | Slime:5  | Reached XP level 24. HP: 233/233 MP: 35/35
 87452 | Slime:5  | Killed the Royal Jelly
 87494 | Slime:5  | Got a slimy rune of Zot
 87511 | Slime:5  | Identified the +0 leather armour "Jiseolui" {Regen+ Dex+3
                  | SInv}
 87536 | Slime:5  | Identified the +1 dagger "Paivuemm" {spect, *Rage rPois
                  | rN++ Stlth-}
 87553 | Slime:5  | Got the Incunabulum of the Vitriolic Rocks
 87570 | Slime:5  | Got Theurgy, Part Two
 87573 | Slime:5  | Identified the ring "Ipsoosy" {Drain rC+ rN+ AC+4 Str+4}
 87575 | Slime:5  | Identified the +1 leather armour of Tempters {Str+2 Int-3
                  | Dex+3}
 87996 | Vaults:5 | Entered Level 5 of the Vaults
 88054 | Vaults:4 | Reached skill level 23 in Fighting
 89141 | Vaults:5 | Identified the +4 ring mail of Ru's Reproof {rPois rN+
                  | Regen+ Str-4}
 89202 | Vaults:5 | Noticed Boris
 89695 | Vaults:5 | Killed Boris
 90290 | Vaults:5 | Identified the ring of the Barnacle {rElec Int+3 SInv}
 91116 | Vaults:5 | Identified the +3 scale mail of Youthful Indiscretion
                  | {Rampage Int+2 Dex+4}
 91432 | Vaults:5 | Found Uhoech's Antique Weapon Emporium.
 91532 | Vaults:5 | Got a silver rune of Zot
 91751 | Vaults:5 | Identified the ring "Laulece" {rC+ rN+ Dex+2 SInv}
 91942 | Vaults:5 | Identified the +4 dagger of Recklessness {vorpal, rF- rN+
                  | Stlth+}
 92269 | D:9      | Bought 2 scrolls of brand weapon for 520 gold pieces
 92269 | D:9      | Bought a scroll of magic mapping for 45 gold pieces
 92422 | Swamp:2  | Killed Iveip's ghost
 92677 | Zot:1    | Entered Level 1 of the Realm of Zot
 93988 | Zot:2    | Found the +7 great mace "Firestarter" {inner flame, rF++}
 94896 | Zot:2    | Reached XP level 25. HP: 191/245 MP: 35/35
 96833 | Zot:3    | Reached skill level 15 in Dodging
 97047 | Zot:3    | Reached skill level 24 in Fighting
 99636 | Zig:1    | Entered Level 1 of a ziggurat
 99655 | Zig:2    | Entered Level 2 of a ziggurat
 99675 | Zig:3    | Entered Level 3 of a ziggurat
 99702 | Zig:3    | Identified the +6 battleaxe of the Endless March {spect,
                  | *Rage rElec Stlth+}
 99726 | Zig:4    | Entered Level 4 of a ziggurat
 99755 | Zig:4    | Identified the +5 rapier "Jirhuypafi" {speed, rC++}
 99827 | Zig:5    | Entered Level 5 of a ziggurat
 99832 | Zig:5    | Found the +0 mask of the Dragon {Will+ Slay+3 SInv}
 99881 | Zig:6    | Entered Level 6 of a ziggurat
 99935 | Zig:6    | Found the +8 trident of the Octopus King {venom, rElec
                  | rPois Will+}
100239 | Zig:6    | Identified the +2 ring mail of the Bulwark {+Inv rElec
                  | Stlth+}
100241 | Zig:6    | Reached XP level 26. HP: 256/256 MP: 35/35
100349 | Zig:7    | Entered Level 7 of a ziggurat
100910 | Zot:5    | Entered Level 5 of the Realm of Zot
101461 | Zot:5    | Reached skill level 25 in Fighting
102938 | Zot:5    | Noticed an orb of fire
102949 | Zot:5    | Gained mutation: Your body sometimes deteriorates upon
                  | taking damage. [an orb of fire]
102953 | Zot:5    | Killed an orb of fire
102974 | Zot:5    | Noticed a dread lich
102988 | Zot:5    | Killed a dread lich
102992 | Zot:5    | Noticed an orb of fire
103009 | Zot:5    | Killed an orb of fire
103178 | Zot:5    | Noticed an orb of fire
103191 | Zot:5    | Killed an orb of fire
103279 | Zot:5    | Reached XP level 27. HP: 254/266 MP: 35/35
103334 | Zot:5    | Noticed an orb of fire
103343 | Zot:5    | Gained mutation: You are agile. (Dex +2) [an orb of fire]
103348 | Zot:5    | Killed an orb of fire
103814 | Zot:5    | Noticed an orb of fire
103818 | Zot:5    | Gained mutation: You sometimes lose the ability to read
                  | scrolls when taking damage. [an orb of fire]
103822 | Zot:5    | Gained mutation: You have sharp toenails. [an orb of fire]
103823 | Zot:5    | Killed an orb of fire
103865 | Zot:5    | Lost mutation: You have sharp toenails. [potion of
                  | mutation]
103865 | Zot:5    | Lost mutation: You are agile. (Dex +2) [potion of mutation]
103865 | Zot:5    | Lost mutation: You sometimes lose the ability to read
                  | scrolls when taking damage. [potion of mutation]
103865 | Zot:5    | Gained mutation: You are clumsy. (Dex -2) [potion of
                  | mutation]
103880 | Zot:5    | Noticed an orb of fire
103907 | Zot:5    | Gained mutation: You sometimes lose the ability to read
                  | scrolls when taking damage. [an orb of fire]
103912 | Zot:5    | Killed an orb of fire
103913 | Zot:5    | Noticed an orb of fire
103917 | Zot:5    | Gained mutation: Your body often deteriorates upon taking
                  | damage. [an orb of fire]
103920 | Zot:5    | Killed an orb of fire
103926 | Zot:5    | Noticed a dread lich
103934 | Zot:5    | Killed a dread lich
103937 | Zot:5    | Noticed a dread lich
103940 | Zot:5    | Killed a dread lich
103941 | Zot:5    | Noticed an orb of fire
103946 | Zot:5    | Killed an orb of fire
103958 | Zot:5    | Noticed an orb of fire
103962 | Zot:5    | Killed an orb of fire
104015 | Zot:5    | Noticed a dread lich
104018 | Zot:5    | Killed a dread lich
104615 | Zot:5    | Identified the +1 plate armour of Feutwenn {Contam rPois
                  | Str+3 Int+4}
105431 | Zot:5    | Lost mutation: Your body often deteriorates upon taking
                  | damage. [potion of mutation]
105431 | Zot:5    | Lost mutation: You sometimes lose the ability to read
                  | scrolls when taking damage. [potion of mutation]
105431 | Zot:5    | Gained mutation: Armour fits poorly on your strangely
                  | shaped body. [potion of mutation]
105431 | Zot:5    | Gained mutation: You are frail. (-10% HP) [potion of
                  | mutation]
105432 | Zot:5    | Lost mutation: You are clumsy. (Dex -2) [potion of
                  | mutation]
105432 | Zot:5    | Lost mutation: Your body sometimes deteriorates upon taking
                  | damage. [potion of mutation]
105432 | Zot:5    | Gained mutation: You have sharp fingernails. [potion of
                  | mutation]
105433 | Zot:5    | Lost mutation: Armour fits poorly on your strangely shaped
                  | body. [potion of mutation]
105433 | Zot:5    | Lost mutation: You have sharp fingernails. [potion of
                  | mutation]
105433 | Zot:5    | Gained mutation: You are very frail. (-20% HP) [potion of
                  | mutation]
105433 | Zot:5    | Gained mutation: You are extremely frail. (-30% HP) [potion
                  | of mutation]
105433 | Zot:5    | Gained mutation: You are dopey. (Int -2) [potion of
                  | mutation]
105435 | Zot:5    | Got the Orb of Zot
105814 | D:9      | Bought a potion of mutation for 128 gold pieces
105814 | D:9      | Lost mutation: You are dopey. (Int -2) [potion of mutation]
105883 | D:7      | Bought a potion of mutation for 96 gold pieces
105883 | D:7      | Lost mutation: You are extremely frail. (-30% HP) [potion
                  | of mutation]
105883 | D:7      | Lost mutation: You are very frail. (-20% HP) [potion of
                  | mutation]
105883 | D:7      | Gained mutation: You are agile. (Dex +2) [potion of
                  | mutation]
105883 | D:7      | Gained mutation: Your mind is acute. (Int +2) [potion of
                  | mutation]
105883 | D:7      | Gained mutation: You possess an exceptional clarity of
                  | mind. [potion of mutation]
106018 | D:1      | Noticed Dosm the pandemonium lord
106019 | D:$      | Escaped with the Orb!

Illustrated notes

Levels and vault maps discovered:
D:1:      lemuel_arrival_rhombus, layout_basic, serial_shops,
          nicolae_shop_crystal, minmay_tromino_v4_c
D:2:      layout_loops_ring, serial_co_window_serial, co_window_corner_a,
          co_window_paths_b, co_window_paths_b, co_window_of_opportunity_a,
          co_window_paths_a, co_window_paths_a, co_window_of_opportunity_a,
          co_window_broadway_b, co_window_2corner, co_window_unsneaky_path_d,
          co_window_of_opportunity_b, co_window_broadway_c,
          co_window_of_opportunity_b, co_window_4corner_a, glass_columns_c,
          glass_columns_a, hellmonk_ecumenical_altar_watching_god,
          grunt_ministairs_14
D:3:      layout_loops_ring
D:4:      layout_rooms, nicolae_overflow_crystal_walls, uniq_pikel, uniq_grinder
D:5:      layout_basic, general_overflow_altar, temple_green, serial_shops,
          nicolae_shop_statue_plus, minmay_bent
D:6:      layout_gridville
D:7:      hangedman_cross_stitches, layout_cave_pools, serial_shops,
          nicolae_shop_behind_doors, corexii_leaking_fountain,
          minmay_diced_spiral, uniq_menkaure
D:8:      layout_cave_pools, mainiacjoe_overflow_concentric_impassable,
          chequers_temple_overflow_minitemple
D:9:      layout_big_octagon, kennysheep_mini_moat, serial_shops,
          nicolae_shop_waterfront, shop, nicolae_diamond_shop,
          nicolae_diamond_shop, worms_lemuel
D:10:     layout_basic, minmay_misc_feat_doors
D:11:     layout_cave_pools, dpeg_oklobed_lair,
          kennysheep_orc_monster_closet_entryway, uniq_erolcha
D:12:     layout_grid_maze
D:13:     kennysheep_seaside_town, layout_basic, ximxim_vaults_locker_room,
          gauntlet_entry_generic
D:14:     minmay_evil_eye, layout_basic, fedhas_altar_4, kennysheep_island_fort,
          uniq_josephine
D:15:     grunt_enter_depths_magical_seal, layout_irregular_city,
          chequers_serial_rivers_micro_a, ebering_ghost_gozag,
          nicolae_trove_entry_isolated, kennysheep_okawaru_gauntlet,
          uniq_jorgrun, uniq_nessos
Lair:1:   layout_loops_ring, nzn_random_ring
Lair:2:   gammafunk_indiana_jones, layout_regular_city,
          minmay_swamp_entry_swarm, basic_altar, uniq_urug, uniq_erica,
          uniq_gastronok
Lair:3:   layout_loops_ring, spider_nest_entry_funnel_web
Lair:4:   layout_hall_layers, nicolae_volcano_entry_batcave, beast_lair_carwin_4
Lair:5:   onia_ninara_swampy_vault, layout_loops_ring,
          grunt_forest_small_clearing_treed, serial_bayou_shore_b,
          grunt_megastairs_4, infiniplex_staircase_pool_2
Lair:6:   hellmonk_lair_end_abyssal_woods, layout_regular_city,
          minmay_slime_entry_jelly_boxes, basic_altar, lemuel_fruit_fields
Swamp:1:  layout_basic_swamp, evilmike_swamp_ruin_rubble_1
Swamp:2:  layout_basic_swamp, gammafunk_ghost_grave, evilmike_swamp_ruin_house_3
Swamp:3:  layout_basic_swamp, serial_swamp_ruin, hangedman_swamp_ruin_wall,
          hangedman_swamp_ruin_hall, evilmike_swamp_ruin_house_1, uniq_mlioglotl
Swamp:4:  swamp_old_school, layout_basic_swamp
Spider:1: layout_spider_delve
Spider:2: layout_spider_delve
Spider:3: nicolae_spider_hilbert_zone_2 [nicolae_spider_hilbert_4_sides_1_open,
          nicolae_spider_hilbert_4_sides_1_open,
          nicolae_spider_hilbert_4_sides_1_open,
          nicolae_spider_hilbert_4_sides_1_open,
          nicolae_spider_hilbert_6_sides_1_open,
          nicolae_spider_hilbert_6_sides_1_open,
          nicolae_spider_hilbert_3_sides_1_open,
          nicolae_spider_hilbert_3_sides_1_open,
          nicolae_spider_hilbert_3_sides_1_open,
          nicolae_spider_hilbert_3_sides_1_open,
          nicolae_spider_hilbert_6_sides_1_open,
          nicolae_spider_hilbert_6_sides_1_open,
          nicolae_spider_hilbert_6_sides_1_open,
          nicolae_spider_hilbert_6_sides_1_open], uniq_donald
Spider:4: grunt_spider_rune_parallel, uniq_arachne, uniq_roxanne, uniq_aizul
Slime:1:  layout_caves
Slime:2:  layout_caves
Slime:3:  layout_caves, nicolae_slime_phagocytosis
Slime:4:  layout_caves, basic_altar
Slime:5
Orc:1:    layout_diamond_mine, serial_shops, nicolae_shop_trees
Orc:2:    st_orc_congregation, layout_caves, uniq_azrael, uniq_sonja
Elf:1:    layout_geoelf_diagonals, minmay_elf_necromancy,
          nicolae_elf_double_double_double_trouble
Elf:2:    elven_hall_of_blades_hangedman_alternative [grunt_blade_entry_basic],
          layout_loops_cross
Elf:3:    elf_hall, layout_loops_cross
Vaults:1: nicolae_vaults_little_squares_4, v_alt_pattern_1,
          vaults_room_grunt_arrival_ludios, ontoclasm_vaults_twist,
          ontoclasm_vaults_ring_large, hangedman_vaults_trim,
          layout_vaults_omnigrid
Vaults:2: vaults_mumra_chevron, v_misc_22, vaults_mumra_hex,
          vaults_room_hallway, nicolae_vaults_network_star,
          ontoclasm_vaults_ring_large, ontoclasm_vaults_ring_square,
          nicolae_vaults_asterisk, v_misc_18, vaults_dpeg_diagonal,
          vaults_dpeg_hooks, vaults_dpeg_ring, layout_vaults_chaotic_city,
          minmay_crypt_entry_nasty_monster
Vaults:3: nicolae_vaults_network_quincunx
          [nicolae_vaults_network_quincunx_subvault,
          nicolae_vaults_network_quincunx_subvault,
          nicolae_vaults_network_quincunx_subvault,
          nicolae_vaults_network_quincunx_subvault,
          nicolae_vaults_network_quincunx_subvault], vaults_dpeg_spiral,
          v_misc_3, hangedman_vaults_pinch, nicolae_vaults_little_squares_2,
          v_misc_12, hangedman_vaults_maws, grunt_vaults_bifocal,
          hangedman_vaults_restitches, vaults_room_pool,
          vaults_not_door_vault_due, vaults_room_pools, vaults_room_fancy_cross,
          vaults_room_hallway, nicolae_vaults_little_squares_6,
          vaults_room_semicircle, layout_vaults_omnibox, uniq_frederick
Vaults:4: nicolae_vaults_quartermaster, v_pattern_5, v_misc_25,
          nicolae_vaults_little_squares_3, hangedman_vaults_impose,
          hangedman_vaults_variations, vaults_standard_mumra_enter_the_diamond,
          hangedman_vaults_trim, nicolae_vaults_little_squares_1,
          nicolae_vaults_yaktaur_gun_rack, layout_vaults_ring
Vaults:5: serial_shops
Crypt:1:  layout_rooms, weyrava_vampire_temple
Crypt:2:  layout_misc_corridors, item_on_display_a, uniq_margery, uniq_khufu
Crypt:3:  grunt_crypt_end_deaths_head, uniq_bai_suzhen, uniq_boris
Depths:1: layout_roguey, nicolae_abyss_entry_one_way_or_another,
          patterned_corridor, grunt_hell_entry_dis_mu,
          serial_sigils_hangedman_quiver, eat_drink_and_be_merry_uskayaw,
          minmay_shop_star
Depths:2: minmay_the_grid_3x2 [minmay_the_grid_small_cups,
          minmay_the_grid_plusring, minmay_the_grid_square_x,
          minmay_the_grid_dragon_a, minmay_the_grid_armoury,
          minmay_the_grid_prize_trominoes], layout_cave_pools, special_room
          [special_room_morgue], minmay_misc_feat_tiny, pf_coc_iceberg,
          grunt_pan_entry_sceptre, serial_bayou_shore_a, minmay_shop_grove,
          uniq_saint_roka
Depths:3: minmay_skeleton_keep, layout_basic, abyss_entry_flame_altar,
          lightli_too_deep, chequers_serial_rivers_room_a,
          infiniplex_staircase_zigzag_3
Depths:4: grunt_zot_entry_tricorne, layout_gridlike, enter_ziggurat_d,
          chequers_serial_rivers_room_a, hell_entry
Zot:1:    layout_misc_corridors, grunt_megastairs_3
Zot:2:    layout_cathedral_of_symmetry
Zot:3:    kennysheep_blocky_hall, layout_cathedral_of_symmetry
Zot:4:    layout_cathedral_of_symmetry
Zot:5:    layout_gridlike, skrybe_zot_glass_2

Skill      XL: |  1  2  3  4  5  6  7  8  9 10 11 12 13 14 15 16 17 18 19 20 21 22 23 24 25 26 27 |
---------------+----------------------------------------------------------------------------------+-----
Fighting       | 2 3 5 7 9 10 11 13 14 15 16 17 18 19 20 22 23 24 25 | 25.6
Long Blades    | 3 4 5 6 7 9 10 12 13 14 17 18 19 20 21 22 | 22.0
Evocations     | 1 2 4 5 7 9 10 11 12 13 14 15 16 18 19 20 | 20.0
Armour         | 5 7 9 10 12 13 15 16 18 20 22 23 | 23.7
Dodging        | 5 6 7 9 10 12 13 14 15 16 | 16.2
Shields        | 4 5 |  5.0
Spellcasting   | 4 5 |  5.0
Throwing       | |  1.7

Action                   |  1- 3 |  4- 6 |  7- 9 | 10-12 | 13-15 | 16-18 | 19-21 | 22-24 | 25-27 || total
-------------------------+-------+-------+-------+-------+-------+-------+-------+-------+-------++-------
Melee: Long sword        |   134 |   106 |   300 |   583 |       |       |       |       |       ||  1123
       Scimitar          |       |       |       |   136 |  1492 |   471 |       |       |       ||  2099
       Triple sword      |       |       |       |       |       |   731 |  1380 |  1672 |   755 ||  4538
       Double sword      |       |       |       |       |       |       |     3 |    13 |       ||    16
Throw: Dart              |    28 |    49 |    26 |    66 |    11 |    11 |       |       |       ||   191
       Throwing net      |       |     4 |     1 |     2 |       |       |       |       |       ||     7
Evoke: Wand              |       |     3 |    13 |    33 |    25 |    67 |     2 |     2 |     5 ||   150
       Lightning rod     |       |       |       |       |     7 |       |       |       |       ||     7
       Phantom mirror    |       |       |       |       |     2 |     3 |     1 |     1 |       ||     7
       Phial of floods   |       |       |       |       |     2 |     4 |     1 |     1 |       ||     8
       Condenser vane    |       |       |       |       |       |     2 |     1 |     2 |       ||     5
       Tin of tremorston |       |       |       |       |       |       |     2 |     1 |       ||     3
       Box of beasts     |       |       |       |       |       |       |       |     3 |     1 ||     4
  Use: Scroll            |     2 |     2 |     4 |    14 |    13 |    25 |    10 |    18 |    12 ||   100
       Potion            |       |       |     1 |    11 |     6 |     7 |     3 |     7 |    12 ||    47
 Stab: Sleeping          |     2 |       |       |       |       |       |       |       |       ||     2
       Held in net/web   |       |       |     2 |     2 |       |       |       |       |       ||     4
       Distracted        |       |       |       |     1 |     1 |       |       |       |     2 ||     4
       Petrified         |       |       |       |       |     1 |       |       |       |       ||     1
       Paralysed         |       |       |       |       |     1 |       |       |       |       ||     1
Armor: Leather armour    |    42 |     7 |       |       |       |       |       |       |       ||    49
       Scale mail        |       |    33 |    81 |   134 |    56 |       |       |       |       ||   304
       Skin              |       |       |    27 |   108 |     1 |       |       |     3 |    56 ||   195
       Troll leather arm |       |       |     9 |    64 |       |       |       |       |       ||    73
       Chain mail        |       |       |       |       |    63 |   695 |       |       |       ||   758
       Swamp dragon scal |       |       |       |       |    77 |       |       |       |       ||    77
       Plate armour      |       |       |       |       |   355 |   209 |       |       |       ||   564
       Crystal plate arm |       |       |       |       |       |    22 |   800 |  1326 |   511 ||  2659
Dodge: Dodged            |    70 |    49 |   145 |   275 |   517 |   601 |   592 |  1197 |   477 ||  3923
       Repelled          |       |       |       |       |     1 |       |       |       |       ||     1
Block: Other             |       |       |    65 |   132 |   104 |       |       |       |       ||   301
       Reflection        |       |       |       |     1 |     1 |       |       |       |       ||     2
       Kite shield       |       |       |       |       |   318 |   295 |       |       |       ||   613

Table legend: (Time is in decaauts)
 A = Elapsed time spent in this place.
 B = Non-inter-level travel time spent in this place.
 C = Inter-level travel time spent in this place.
 D = Time resting spent in this place.
 E = Time spent auto-exploring this place.
 F = Levels seen in this place.
 G = Mean time per level.
                   A        B        C        D        E       F      G
               +--------+--------+--------+--------+--------+-----+--------+
         Total | 104999 |  96539 |   8460 |  17420 |  58770 |  65 | 1615.4 |
       Dungeon |  25863 |  22178 |   3685 |   4248 |  13269 |  15 | 1724.2 |
          Lair |  13948 |  13063 |    885 |   2019 |   8523 |   6 | 2324.7 |
         Swamp |   8147 |   7880 |    267 |   1608 |   5032 |   4 | 2036.8 |
   Spider Nest |   6312 |   6172 |    140 |   1243 |   3321 |   4 | 1578.0 |
    Slime Pits |   1375 |   1314 |     61 |    744 |      0 |   5 |  275.0 |
  Orcish Mines |   4763 |   3425 |   1338 |    730 |   1614 |   2 | 2381.5 |
   Elven Halls |   6329 |   6176 |    153 |    883 |   4260 |   3 | 2109.7 |
        Vaults |  14080 |  13321 |    759 |   1422 |   8307 |   5 | 2816.0 |
         Crypt |   2985 |   2844 |    141 |     45 |   2005 |   3 |  995.0 |
        Depths |   7984 |   7456 |    528 |   1157 |   5128 |   4 | 1996.0 |
           Zot |  11414 |  10918 |    496 |   2364 |   7014 |   5 | 2282.8 |
      Ziggurat |    732 |    732 |      0 |    478 |      0 |   7 |  104.6 |
       Volcano |    485 |    485 |      0 |    343 |      0 |   1 |  485.0 |
      Gauntlet |    575 |    575 |      0 |    132 |    295 |   1 |  575.0 |
               +--------+--------+--------+--------+--------+-----+--------+

Top non-repeatable levels by time:
   Zot:5: 4501 daAuts
  Lair:2: 3426 daAuts
 Swamp:4: 3189 daAuts
    D:13: 3109 daAuts
    D:11: 2997 daAuts
Vaults:2: 2989 daAuts
Vaults:4: 2982 daAuts
Vaults:5: 2966 daAuts
   Orc:2: 2874 daAuts
  Lair:6: 2855 daAuts
     D:2: 2699 daAuts
   Zot:3: 2669 daAuts
Vaults:1: 2630 daAuts
  Lair:1: 2596 daAuts
Vaults:3: 2512 daAuts
